 Dungeon Crawl Stone Soup version 0.21-a0-216-g6d3fd91 (console) character file.

218 removed the Poker (level 6, 48/48 HPs)
             Began as a Human Wanderer on Aug 23, 2017.
             Was a Follower of Fedhas.
             Quit the game on level 4 of the Dungeon.
             The game lasted 00:05:48 (3492 turns).

removed the Poker (Human Wanderer)                  Turns: 3492, Time: 00:05:49

Health: 48/48      AC:  9    Str: 15    XL:     6   Next: 17%
Magic:  6/6        EV:  6    Int: 11    God:    Fedhas [*.....]
Gold:   192        SH:  0    Dex: 18    Spells: 5/5 levels left

rFire    . . .     SeeInvis .   a - +0 glaive
rCold    . . .     Gourm    .   (shield currently unavailable)
rNeg     + . .     Faith    .   v - +0 chain mail
rPois    .         Spirit   .   (no helmet)
rElec    .         Reflect  .   (no cloak)
rCorr    .         Harm     .   (no gloves)
MR       .....                  z - +0 pair of boots
Stlth    ..........             (no amulet)
HPRegen  0.16/turn              g - ring of positive energy
MPRegen  0.10/turn              D - +5 ring of dexterity

@: no status effects
A: no striking features
a: Fungal Bloom, Evolution, Renounce Religion


You were on level 4 of the Dungeon.
You worshipped Fedhas.
Fedhas was aware of your devotion.
You were not hungry.

You visited 1 branch of the dungeon, and saw 4 of its levels.

You collected 192 gold pieces.

Inventory:

Hand Weapons
 a - a +0 glaive (weapon)
 y - a +2 spear
Armour
 d - a +0 robe
 o - a +0 ring mail
 v - a +0 chain mail (worn)
 z - a +0 pair of boots (worn)
Jewellery
 g - a ring of positive energy (left hand)
 D - a +5 ring of dexterity (right hand)
Scrolls
 k - 4 scrolls of enchant weapon {unknown}
 l - 2 scrolls of teleportation {unknown}
 q - 3 scrolls of remove curse {unknown}
 r - a scroll of fear {unknown}
 s - a scroll of magic mapping {unknown}
 x - 3 scrolls of blinking {unknown}
 F - a scroll of enchant armour {unknown}
Potions
 b - 2 potions of lignification
 c - 4 potions of curing
 h - a potion of mutation {unknown}
 i - a potion of invisibility {unknown}
 u - a potion of might {unknown}
 A - a potion of haste {unknown}
 B - a potion of magic {unknown}
Comestibles
 f - 3 bread rations
 m - 3 meat rations
 n - a royal jelly
 E - 6 chunks of flesh


   Skills:
 - Level 4.0 Fighting
 + Level 6.0 Polearms
   Level 1.0 Bows
 - Level 1.0 Throwing
 - Level 1.0 Stealth
   Level 1.0 Shields


You had 5 spell levels left.
You didn't know any spells.

Dungeon Overview and Level Annotations

Branches:
Dungeon (4/15)
 Temple: D:4-7

Altars:
Elyvilon
Fedhas
Hepliaklqana
Sif Muna
The Shining One

Annotations:
D:2 exclusion: adder


Message History

There is a deep blue altar of Sif Muna here.
There is a faded altar of an unknown god here.
There is a faded altar of an unknown god here.
You cannot tell which god this altar belongs to.
Convert to them anyway?
Okay, then.
You cannot tell which god this altar belongs to.
Convert to them anyway?
Sif Muna accepts your prayer! Sif Muna welcomes you!
You can now request divine energy to cast spells with insufficient magic.
There is a faded altar of an unknown god here.
You cannot tell which god this altar belongs to.
Convert to them anyway?
Fedhas accepts your prayer!
You have lost your religion!
Sif Muna does not appreciate desertion!
Fedhas welcomes you!
The plants of the dungeon cease their hostilities.
You can now turn corpses into toadstools.
You can now induce evolution.
There is a blossoming altar of Fedhas here.
Are you sure you want to abandon this character and quit the game? (Confirm with "yes".)

#.########......#
#.########.####.# #.##.......#
#'# #.##.##########.#####
##.##.## ##.........##
.....#.####..#######..###
.#..###.#_..###_._###.._# ...##
#####..##...##..###
.#..###.####....@....## ##
.....#.....####...#### #.#.#
.####.######..##_##.# #.#... .
#.# ####...###..###.# #.#
.####.###..............## #.#
.[........##........###.###.#
.###.#.#####........#
##.#..####. #....##
#........#####.#......
##.....###.###.###...........##


There were no monsters in sight!

Vanquished Creatures
  2 orc priests
  A worker ant (D:4)
  A hound skeleton (D:4)
  4 adders
  An ooze (D:3)
  An adder skeleton (D:4)
  A dart slug (D:2)
  A leopard gecko (D:2)
  8 orcs
  3 ball pythons
  4 giant cockroaches
  6 goblins
  5 hobgoblins
  11 jackals
  11 kobolds
  5 bats
  2 frilled lizards (D:2)
  5 rats
72 creatures vanquished.

Notes
Turn   | Place    | Note
-------+----------+-------------------------------------------
     0 | D:1      | removed the Human Wanderer began the quest for the Orb.
     0 | D:1      | removed set off with: a +2 spear, a potion of lignification, a potion of curing, a +0 robe, a bread ration
     0 | D:1      | Reached XP level 1. HP: 19/19 MP: 1/1
   102 | D:1      | Reached XP level 2. HP: 19/25 MP: 2/2
   272 | D:1      | Reached skill level 3 in Polearms
   449 | D:1      | Reached XP level 3. HP: 21/30 MP: 3/3
  1418 | D:2      | Reached skill level 4 in Polearms
  1418 | D:2      | Reached XP level 4. HP: 33/37 MP: 4/4
  2291 | D:3      | Reached XP level 5. HP: 40/42 MP: 5/5
  2542 | D:2      | Found a hazy altar of Hepliaklqana.
  2572 | D:3      | Reached skill level 5 in Polearms
  3343 | D:4      | Reached XP level 6. HP: 48/48 MP: 6/6
  3396 | D:4      | Reached skill level 6 in Polearms
  3398 | D:4      | Found a deep blue altar of Sif Muna.
  3398 | D:4      | Found a glowing golden altar of the Shining One.
  3446 | D:4      | Found a faded altar of an unknown god.
  3451 | D:4      | Found a faded altar of an unknown god.
  3453 | D:4      | Found a white marble altar of Elyvilon.
  3480 | D:4      | Became a worshipper of Sif Muna the Loreminder
  3480 | D:4      | Reached * piety under Sif Muna
  3485 | D:4      | Fell from the grace of Sif Muna
  3485 | D:4      | Became a worshipper of Fedhas Madash
  3485 | D:4      | Reached * piety under Fedhas
  3492 | D:4      | Quit the game

Vault maps used:
D:1:      dpeg_arrival_houses_and_road, minmay_misc_feat_tiny, minivault_4,
          minmay_pentomino_o2
D:2:      nicolae_overflow_hidden_temple, minivault_5
D:3:      first_bread
D:4:      chequers_temple_overflow_minitemple, old_standard_altar, serial_shops,
          nicolae_shop_trees, uniq_natasha

Skill      XL: |  1  2  3  4  5  6 |
---------------+-------------------+-----
Polearms       | 3 4 5 6 |  6.0
Fighting       | |  4.0
Bows           | |  1.0
Throwing       | |  1.0
Stealth        | |  1.0
Shields        | |  1.0

Action                   |  1- 3 |  4- 6 || total
-------------------------+-------+-------++-------
Melee: Spear             |   123 |    81 ||   204
       Glaive            |       |    62 ||    62
 Stab: Sleeping          |     4 |       ||     4
  Eat: Chunk             |     2 |     6 ||     8
Armor: Robe              |    18 |       ||    18
       Ring mail         |    11 |     2 ||    13
       Chain mail        |       |    95 ||    95
Dodge: Dodged            |    60 |    40 ||   100

Table legend:
 A = Spawn XP
 B = Non-spawn XP
 C = Spawn XP percentage of total XP
 D = Spawn monster count
 E = Non-spawn monster count
 F = Spawn count percentage of total count
 G = Total turns spent on level
                    A         B        C        D         E        F      G
               +---------+---------+-------+---------+---------+-------+---------
         Total |      25 |     287 |   8.0 |       8 |      64 |  11.1 |  3492
               +---------+---------+-------+---------+---------+-------+---------
           D:1 |       5 |      29 |  14.7 |       3 |      18 |  14.3 |   703
           D:2 |      20 |      50 |  28.6 |       5 |      22 |  18.5 |  1466
           D:3 |       0 |      82 |   0.0 |       0 |      13 |   0.0 |   737
           D:4 |       0 |     126 |   0.0 |       0 |      11 |   0.0 |   586
               +---------+---------+-------+---------+---------+-------+---------
